3A
GRAND FORKS CATERPILLARS @ GRIM REAPERS
07/29/2038
 
TOP OF THE 1ST
Grand Forks Caterpillars batting - Pitching for Grim Reapers : LHP Benny Berry
Pitching: LHP Benny Berry
Batting: LHB Armando Ventura 0-0: Ball
1-0: Swinging Strike
1-1: SINGLE (Flyball, 6D, EV 89.4 MPH)
Batting: RHB Alfredo Guerrero 0-0: Grounds into double play, 5-4-3 (Groundball, 5, EV 91.2 MPH)
Batting: RHB Dima Tabakaev 0-0: Ball
1-0: Ball
2-0: Called Strike
2-1: Swinging Strike
2-2: Foul Ball, location: 2F
2-2: Foul Ball, location: 2F
2-2: Ball
3-2: Base on Balls
Batting: LHB Keaton Kringlen 0-0: Called Strike
0-1: Ball
1-1: Called Strike
1-2: Strikes out swinging
Top of the 1st over - 0 runs, 1 hit, 0 errors, 1 left on base; Grand Forks 0 - Grim 0
BOTTOM OF THE 1ST
Grim Reapers batting - Pitching for Grand Forks Caterpillars : RHP Juan Capmany
Pitching: RHP Juan Capmany
Batting: LHB Lorenzo Ortíz 0-0: Ball
1-0: Ground out 4-3 (Groundball, 34, EV 85.6 MPH)
Batting: RHB Cristo Mercado 0-0: Called Strike
0-1: Ball
1-1: Ball
2-1: Called Strike
2-2: Foul Ball, location: 2F
2-2: Foul Ball, location: 2F
2-2: Fly out, F7 (Flyball, 78S, EV 89.4 MPH)
Batting: RHB Lonnie Doble 0-0: Ball
1-0: Ball
2-0: Foul Ball, location: 2F
2-1: Foul Ball, location: 2F
2-2: Ball
3-2: Foul Ball, location: 2F
3-2: Foul Ball, location: 2F
3-2: Fly out, F9 (Flyball, 89D, EV 104.4 MPH)
Bottom of the 1st over - 0 runs, 0 hits, 0 errors, 0 left on base; Grand Forks 0 - Grim 0
TOP OF THE 2ND
Grand Forks Caterpillars batting - Pitching for Grim Reapers : LHP Benny Berry
Batting: RHB John Camp 0-0: Foul Ball, location: 2F
0-1: SINGLE (Groundball, 56D, EV 96.9 MPH)
Batting: RHB Sam McConnell 0-0: Fly out, F7 (Flyball, 7LM, EV 78.1 MPH)
Batting: RHB Eugene Bradley 0-0: Foul Ball, location: 2F
0-1: Foul Ball, location: 2F
0-2: Strikes out looking
Batting: RHB Bert Allison 0-0: Swinging Strike
0-1: Called Strike
0-2: Strikes out swinging
Top of the 2nd over - 0 runs, 1 hit, 0 errors, 1 left on base; Grand Forks 0 - Grim 0
BOTTOM OF THE 2ND
Grim Reapers batting - Pitching for Grand Forks Caterpillars : RHP Juan Capmany
Batting: SHB Fernando Urby 0-0: Ball
1-0: Called Strike
1-1: Swinging Strike
1-2: Ball
2-2: Ball
3-2: Ground out 1-3 (Groundball, P, EV 69.4 MPH)
Batting: LHB Lonnie Baker 0-0: Ground out 5-3 (Groundball, 56, EV 82.5 MPH)
Batting: RHB Hayes Rutherford 0-0: Fly out, F7 (Flyball, 7S, EV 78.8 MPH)
Bottom of the 2nd over - 0 runs, 0 hits, 0 errors, 0 left on base; Grand Forks 0 - Grim 0
TOP OF THE 3RD
Grand Forks Caterpillars batting - Pitching for Grim Reapers : LHP Benny Berry
Batting: LHB Hsui-chuan Tsou 0-0: Called Strike
0-1: Swinging Strike
0-2: Foul Ball, location: 2F
0-2: Ball
1-2: Ball
2-2: Foul Ball, location: 2F
2-2: SINGLE (Line Drive, 8LS, EV 88.8 MPH)
Batting: LHB Armando Ventura 0-0: Ball
1-0: Foul Ball, location: 2F
1-1: Foul Ball, location: 2F
1-2: Fielders Choice at 2nd, 1-6 (Groundball, 13, EV 73.1 MPH)
Batting: RHB Alfredo Guerrero 0-0: Ball
1-0: Swinging Strike
1-1: Ball
2-1: Ball
3-1: Base on Balls
Armando Ventura to second
Batting: RHB Dima Tabakaev 0-0: Ball
1-0: Swinging Strike
1-1: Ball
2-1: DOUBLE (Line Drive, 5D, EV 97.5 MPH)
Armando Ventura scores
Alfredo Guerrero to third
Runner from 3rd tries for Home, SAFE, throw by LF to trailing runner, SAFE at third!
Batting: LHB Keaton Kringlen 0-0: Ball
Wild Pitch!
Dima Tabakaev scores
1-0: Foul Ball, location: 2F
1-1: Ball
2-1: Foul Ball, location: 2F
2-2: Strikes out swinging
Batting: RHB John Camp 0-0: Called Strike
0-1: Ball
1-1: Ball
2-1: Foul Ball, location: 2F
2-2: Ground out 5-3 (Groundball, 5, EV 90.6 MPH)
Top of the 3rd over - 3 runs, 2 hits, 0 errors, 0 left on base; Grand Forks 3 - Grim 0
BOTTOM OF THE 3RD
Grim Reapers batting - Pitching for Grand Forks Caterpillars : RHP Juan Capmany
Batting: SHB Leonard Davis 0-0: Called Strike
0-1: Foul Ball, location: 2F
0-2: Ground out 4-3 (Groundball, 4, EV 83.8 MPH)
Batting: RHB Alfred Coleman 0-0: Called Strike
0-1: Ball
1-1: Ball
2-1: Foul Ball, location: 2F
2-2: Strikes out swinging
Batting: RHB Chi-eun Mun 0-0: Ball
1-0: Ground out 6-3 (Groundball, 6, EV 109.4 MPH)
Bottom of the 3rd over - 0 runs, 0 hits, 0 errors, 0 left on base; Grand Forks 3 - Grim 0
TOP OF THE 4TH
Grand Forks Caterpillars batting - Pitching for Grim Reapers : LHP Benny Berry
Batting: RHB Sam McConnell 0-0: Swinging Strike
0-1: Swinging Strike
0-2: Ball
1-2: Foul Ball, location: 2F
1-2: Ball
2-2: Foul Ball, location: 2F
2-2: Foul Ball, location: 2F
2-2: Strikes out looking
Batting: RHB Eugene Bradley 0-0: SINGLE (Groundball, 25, EV 71.9 MPH) (infield hit)
Batting: RHB Bert Allison 0-0: Called Strike
0-1: Foul Ball, location: 2F
0-2: Ball
1-2: Ball
Wild Pitch!
Eugene Bradley to second
2-2: Foul Ball, location: 2F
2-2: Foul Ball, location: 2F
2-2: Fly out, F8 (Flyball, 8LD, EV 103.8 MPH)
Batting: LHB Hsui-chuan Tsou 0-0: Ball
1-0: Fly out, F7 (Flyball, 7, EV 89.4 MPH)
Top of the 4th over - 0 runs, 1 hit, 0 errors, 1 left on base; Grand Forks 3 - Grim 0
BOTTOM OF THE 4TH
Grim Reapers batting - Pitching for Grand Forks Caterpillars : RHP Juan Capmany
Batting: LHB Lorenzo Ortíz 0-0: Bunted foul
0-1: Foul Ball, location: 2F
0-2: Foul Ball, location: 2F
0-2: Ball
1-2: Fly out, F8 (Flyball, 8LS, EV 90.0 MPH)
Batting: RHB Cristo Mercado 0-0: Called Strike
0-1: Ball
1-1: Ball
2-1: Ball
3-1: Base on Balls
Batting: RHB Lonnie Doble 0-0: Ball
1-0: Called Strike
1-1: Called Strike
1-2: Foul Ball, location: 2F
1-2: Ball
2-2: SINGLE (Groundball, 6MD, EV 102.5 MPH)
Cristo Mercado to second
Runner from 2nd tries for 3rd, SAFE, no throw by CF
Batting: SHB Fernando Urby 0-0: DOUBLE (Flyball, 8LXD, EV 90.0 MPH)
Cristo Mercado scores
Lonnie Doble to third
Batting: LHB Lonnie Baker 0-0: Ball
1-0: Called Strike
1-1: Ball
2-1: Foul Ball, location: 2F
2-2: Ball
3-2: Strikes out swinging
Batting: RHB Hayes Rutherford 0-0: Called Strike
0-1: Ball
1-1: Foul Ball, location: 2F
1-2: Fly out, F7 (Flyball, 78M, EV 80.6 MPH)
Bottom of the 4th over - 1 run, 2 hits, 0 errors, 2 left on base; Grand Forks 3 - Grim 1
TOP OF THE 5TH
Grand Forks Caterpillars batting - Pitching for Grim Reapers : LHP Benny Berry
Batting: LHB Armando Ventura 0-0: Fly out, F9 (Flyball, 9S, EV 86.9 MPH)
Batting: RHB Alfredo Guerrero 0-0: Called Strike
0-1: Fly out, F9 (Flyball, 9, EV 90.6 MPH)
Batting: RHB Dima Tabakaev 0-0: Ball
1-0: SINGLE (Groundball, 56D, EV 101.9 MPH)
Batting: LHB Keaton Kringlen 0-0: Ball
1-0: Ball
2-0: Fly out, F7 (Flyball, 78S, EV 83.8 MPH)
Top of the 5th over - 0 runs, 1 hit, 0 errors, 1 left on base; Grand Forks 3 - Grim 1
BOTTOM OF THE 5TH
Grim Reapers batting - Pitching for Grand Forks Caterpillars : RHP Juan Capmany
Batting: SHB Leonard Davis 0-0: Swinging Strike
0-1: Called Strike
0-2: Ball
1-2: Foul Ball, location: 2F
1-2: Strikes out swinging
Batting: RHB Alfred Coleman 0-0: Called Strike
0-1: Foul Ball, location: 2F
0-2: Ball
1-2: Foul Ball, location: 2F
1-2: Ball
2-2: Ball
3-2: Ground out 4-3 (Groundball, 34, EV 98.8 MPH)
Batting: RHB Chi-eun Mun 0-0: Ground out 5-3 (Groundball, 5, EV 91.2 MPH)
Bottom of the 5th over - 0 runs, 0 hits, 0 errors, 0 left on base; Grand Forks 3 - Grim 1
TOP OF THE 6TH
Grand Forks Caterpillars batting - Pitching for Grim Reapers : LHP Benny Berry
Pitching: RHP Carlos Navarro
Batting: RHB John Camp 0-0: Foul Ball, location: 2F
0-1: Foul Ball, location: 2F
0-2: Fly out, F9 (Flyball, 89S, EV 79.4 MPH)
Batting: RHB Sam McConnell 0-0: Fly out, F8 (Line Drive, 8LD, EV 91.2 MPH)
Batting: RHB Eugene Bradley 0-0: Ball
1-0: Called Strike
1-1: Swinging Strike
1-2: Strikes out swinging
Top of the 6th over - 0 runs, 0 hits, 0 errors, 0 left on base; Grand Forks 3 - Grim 1
BOTTOM OF THE 6TH
Grim Reapers batting - Pitching for Grand Forks Caterpillars : RHP Juan Capmany
Batting: LHB Lorenzo Ortíz 0-0: Ball
1-0: Called Strike
1-1: Foul Ball, location: 2F
1-2: Ball
2-2: Ball
3-2: SINGLE (Groundball, 56, EV 111.2 MPH) (infield hit)
Pitching: LHP Pancho Cazalla
Batting: RHB Cristo Mercado 0-0: Foul Ball, location: 2F
0-1: Swinging Strike
0-2: Ball
1-2: Ball
2-2: Foul Ball, location: 2F
2-2: Hit by Pitch
Lorenzo Ortíz to second
Batting: RHB Lonnie Doble 0-0: Ball
1-0: Swinging Strike
1-1: Foul Ball, location: 2F
1-2: Hit by Pitch
Lorenzo Ortíz to third
Cristo Mercado to second
Batting: SHB Fernando Urby 0-0: Foul Ball, location: 2F
0-1: SINGLE (Groundball, 6, EV 107.5 MPH) (infield hit)
Lorenzo Ortíz scores
Cristo Mercado to third
Lonnie Doble to second
Batting: LHB Lonnie Baker 0-0: Called Strike
0-1: Swinging Strike
0-2: Strikes out swinging
Batting: RHB Hayes Rutherford 0-0: Ball
1-0: Swinging Strike
1-1: Ball
2-1: Swinging Strike
2-2: Grounds into fielders choice 4-2 (Groundball, 4, EV 81.9 MPH)
Lonnie Doble to third
Fernando Urby to second
Batting: SHB Leonard Davis 0-0: Called Strike
0-1: Ball
1-1: Called Strike
1-2: Foul Ball, location: 2F
1-2: Foul Ball, location: 2F
1-2: Ball
2-2: Ball
3-2: Foul Ball, location: 2F
3-2: Strikes out swinging
Bottom of the 6th over - 1 run, 2 hits, 0 errors, 3 left on base; Grand Forks 3 - Grim 2
TOP OF THE 7TH
Grand Forks Caterpillars batting - Pitching for Grim Reapers : RHP Carlos Navarro
Batting: RHB Bert Allison 0-0: Foul Ball, location: 2F
0-1: Called Strike
0-2: Foul Ball, location: 2F
0-2: Ground out 4-3 (Groundball, 34, EV 86.9 MPH)
Pitching: RHP Lorenzo Carregosa
Batting: LHB Hsui-chuan Tsou 0-0: Called Strike
0-1: Ball
1-1: Ball
2-1: Ball
3-1: Base on Balls
Batting: LHB Armando Ventura 0-0: Called Strike
0-1: Foul Ball, location: 2F
0-2: Fielders Choice at 2nd, 1-6 (Groundball, 23, EV 63.8 MPH)
Batting: RHB Alfredo Guerrero 0-0: Called Strike
0-1: Ball
Wild Pitch!
Armando Ventura to second
1-1: Ball
2-1: Ball
3-1: Base on Balls
Batting: RHB Dima Tabakaev 0-0: Called Strike
0-1: Ball
1-1: Ball
2-1: Fly out, F4 (Line Drive, 4, EV 63.8 MPH)
Top of the 7th over - 0 runs, 0 hits, 0 errors, 2 left on base; Grand Forks 3 - Grim 2
BOTTOM OF THE 7TH
Grim Reapers batting - Pitching for Grand Forks Caterpillars : LHP Pancho Cazalla
Batting: RHB Alfred Coleman 0-0: Swinging Strike
0-1: Ball
1-1: Ground out U3 (Groundball, 3, EV 78.8 MPH)
Batting: RHB Chi-eun Mun 0-0: Ground out 6-3 (Groundball, 6, EV 104.4 MPH)
Batting: LHB Lorenzo Ortíz 0-0: Ball
1-0: Called Strike
1-1: Ball
2-1: Ground out 6-3 (Groundball, 56, EV 89.4 MPH)
Bottom of the 7th over - 0 runs, 0 hits, 0 errors, 0 left on base; Grand Forks 3 - Grim 2
TOP OF THE 8TH
Grand Forks Caterpillars batting - Pitching for Grim Reapers : RHP Lorenzo Carregosa
Batting: LHB Keaton Kringlen 0-0: Called Strike
0-1: Called Strike
0-2: Ground out 6-3 (Groundball, 4M, EV 89.4 MPH)
Batting: RHB John Camp 0-0: Called Strike
0-1: Swinging Strike
0-2: Strikes out swinging, 2-3 out at first.
Batting: RHB Sam McConnell 0-0: Ball
1-0: Ball
2-0: SINGLE (Line Drive, 8LS, EV 88.8 MPH)
Batting: RHB Eugene Bradley 0-0: Foul Ball, location: 2F
0-1: Swinging Strike
0-2: Ball
1-2: Strikes out looking
Top of the 8th over - 0 runs, 1 hit, 0 errors, 1 left on base; Grand Forks 3 - Grim 2
BOTTOM OF THE 8TH
Grim Reapers batting - Pitching for Grand Forks Caterpillars : LHP Pancho Cazalla
Batting: RHB Cristo Mercado 0-0: Ball
1-0: Called Strike
1-1: Fly out, F9 (Flyball, 9LMF, EV 96.9 MPH)
Batting: RHB Lonnie Doble 0-0: Ground out U3 (Groundball, 3, EV 91.9 MPH)
Batting: SHB Fernando Urby 0-0: Ball
1-0: Ball
2-0: SINGLE (Line Drive, 34D, EV 95.6 MPH)
Pitching: RHP Ludovic Laurent
Batting: LHB Lonnie Baker 0-0: Called Strike
0-1: Foul Ball, location: 2F
0-2: Strikes out swinging
Bottom of the 8th over - 0 runs, 1 hit, 0 errors, 1 left on base; Grand Forks 3 - Grim 2
TOP OF THE 9TH
Grand Forks Caterpillars batting - Pitching for Grim Reapers : RHP Lorenzo Carregosa
Batting: RHB Bert Allison 0-0: Called Strike
0-1: Fly out, F9 (Flyball, 9S, EV 90.0 MPH)
Batting: LHB Hsui-chuan Tsou 0-0: Ball
1-0: Called Strike
1-1: Ball
2-1: Ball
3-1: Base on Balls
Pitching: RHP John Weaver
Batting: LHB Armando Ventura 0-0: Ball
1-0: Swinging Strike
1-1: Ball
2-1: Ball
3-1: Base on Balls
Hsui-chuan Tsou to second
Pinch Runner at 2nd Momoru Kichida:
Batting: RHB Alfredo Guerrero 0-0: Swinging Strike
0-1: Called Strike
Momoru Kichida steals 3rd base (no throw)
0-2: Fly out, F8 (Line Drive, 8LM, EV 108.1 MPH)
Runner from 3rd tags up, SCORES, no throw by CF
Batting: RHB Dima Tabakaev 0-0: Called Strike
0-1: Ball
1-1: Fielders Choice at 2nd, 6-4 (Groundball, 6, EV 110.0 MPH)
Top of the 9th over - 1 run, 0 hits, 0 errors, 1 left on base; Grand Forks 4 - Grim 2
BOTTOM OF THE 9TH
Grim Reapers batting - Pitching for Grand Forks Caterpillars : RHP Ludovic Laurent
Now at C: Curtis Edwards
Now in LF: Jeet Kandathil
Batting: RHB Hayes Rutherford 0-0: Ball
1-0: Fly out, F3 (Popup, 3SF, EV 79.4 MPH)
Batting: SHB Leonard Davis 0-0: Ball
1-0: Foul Ball, location: 2F
1-1: Ball
2-1: Ball
3-1: Base on Balls
Batting: RHB Alfred Coleman 0-0: Foul Ball, location: 2F
0-1: Fly out, F7 (Flyball, 7S, EV 88.8 MPH)
Batting: RHB Chi-eun Mun 0-0: Called Strike
0-1: Foul Ball, location: 2F
0-2: Ball
1-2: Fly out, F3 (Line Drive, 3, EV 63.8 MPH)
Bottom of the 9th over - 0 runs, 0 hits, 0 errors, 1 left on base; Grand Forks 4 - Grim 2
Friday, April 17th, 2020 - OOTP Baseball 20.8 Build 74